[Event "III Menorca Open-A 2024"]
[Site "Ciutadella Menorca"]
[Date "2024.04.07"]
[Round "9.12"]
[White "Tarhan, Adar"]
[Black "Sanal, Vahap"]
[Result "0-1"]
[ECO "C54"]
[WhiteElo "2446"]
[BlackElo "2565"]
[Annotator "TA"]
[PlyCount "80"]
[EventDate "2024.04.02"]
[EventType "swiss"]
[EventCountry "ESP"]
[SourceTitle "playchess.com"]
[Source "ChessBase"]
[SourceQuality "1"]
[TimeControl "5400+30"]

1. e4 e5 2. Nf3 Nc6 3. Bc4 Bc5 4. c3 Nf6 5. d3 O-O 6. O-O d6 7. a4 a6 8. b4 Ba7 9. Be3 Ne7 10. Nbd2 {[%emt 0:01:55] White is slightly better.} Ng6 11. Re1 Bxe3 12. fxe3 a5 13. b5 c6 14. bxc6 bxc6 15. Rb1 d5 16. exd5 cxd5 17. Bb5 Be6 18. d4 (18. c4 $11 {remains equal.}) 18... e4 $36 {[%emt 0:01:53][%mdl 2048] White is under strong pressure.} 19. Ng5 Bg4 20. Be2 Bd7 21. Bb5 Bg4 22. Be2 Bc8 23. c4 h6 24. Nh3 Bxh3 25. gxh3 dxc4 26. Bxc4 Rc8 27. Kh1 Qd7 28. Rg1 Kh7 (28... Nh4 {with more complications.} 29. Rb6 Qe7 30. Qe1 Nf3) 29. Rb5 Qxh3 30. Rg3 Qd7 31. Rxa5 Rc7 32. Bb5 $2 {[%emt 0:00:30] [#] This move loses the game for White.} (32. Rg1 $11 {and White stays safe.}) 32... Qf5 (32... Qd5 $1 $19 {And now ...Rfc8 would win.} 33. Rg2 Rfc8) 33. Qf1 {[%emt 0:00:00] [#]} Nh4 34. Qg1 $2 (34. Rg1) 34... Nh5 35. Rg4 (35. Rh3 $142 Qxh3 36. Bf1) 35... Nf3 36. Nxf3 Qxf3+ (36... exf3 37. e4 Qe6 (37... f2 38. exf5 fxg1=Q+ 39. Rxg1 $11) 38. Bf1 $19) 37. Rg2 Rc2 {[%emt 0:00:00] Prevents Be2} 38. Bd7 {Prevents Rfc8} Nf6 {[%emt 0:01:00] Black is clearly winning.} 39. Bh3 g6 {[%emt 0:00:30][%cal Oc2d2] Prevents Rf5. aiming for ...Rd2!} 40. Ra7 Rd2 {[%emt 0:00:30] Weighted Error Value: White=0.61/Black=0.24 (precise) .  Loses game:     	White=1     	---        Mistake:       	White=3     	Black=1      Inaccurate:     	White=6     	Black=5      OK:         	White=14    	Black=13     Best:        	White=1     	Black=4} 0-1

[Event "III Menorca Open-A 2024"]
[Site "Ciutadella Menorca"]
[Date "2024.04.07"]
[Round "9.13"]
[White "Nasuta, Grzegorz"]
[Black "Xiao, Tong(Qd)"]
[Result "1/2-1/2"]
[ECO "B90"]
[WhiteElo "2552"]
[BlackElo "2484"]
[Annotator "RC"]
[PlyCount "48"]
[EventDate "2024.04.02"]
[EventType "swiss"]
[EventCountry "ESP"]
[SourceTitle "playchess.com"]
[Source "ChessBase"]
[SourceQuality "1"]
[TimeControl "5400+30"]

1. e4 c5 2. Nf3 d6 3. d4 cxd4 4. Nxd4 Nf6 5. Nc3 a6 6. f3 e5 7. Nb3 Be6 8. Be3 h5 9. Nd5 Bxd5 10. exd5 Nbd7 11. Qd2 g6 12. O-O-O Nb6 13. Kb1 Nbxd5 14. Bg5 Be7 15. Bd3 Qc7 16. Rhe1 O-O-O 17. c4 Nf4 18. Bxf6 Bxf6 19. Be4 Kb8 20. Na5 d5 21. cxd5 Be7 22. Rc1 Qb6 23. Nc4 Qd4 24. Qxd4 exd4 1/2-1/2

[Event "III Menorca Open-A 2024"]
[Site "Ciutadella Menorca"]
[Date "2024.04.07"]
[Round "9.14"]
[White "Gorshtein, Ido"]
[Black "Kosakowski, Jakub"]
[Result "1-0"]
[ECO "A20"]
[WhiteElo "2540"]
[BlackElo "2482"]
[Annotator "TA"]
[PlyCount "77"]
[EventDate "2024.04.02"]
[EventType "swiss"]
[EventCountry "ESP"]
[SourceTitle "playchess.com"]
[Source "ChessBase"]
[SourceQuality "1"]
[TimeControl "5400+30"]

1. c4 e5 2. g3 Nf6 3. Bg2 c6 4. Nf3 e4 5. Nd4 Qb6 6. e3 d5 7. Nc3 Bg4 8. Qb3 {[%emt 0:02:31] The position is equal.} Na6 9. cxd5 Qxb3 10. axb3 cxd5 11. d3 Bb4 (11... exd3 $11 12. h3 Be6) 12. h3 Bd7 13. O-O exd3 14. Rd1 O-O 15. g4 Rfd8 16. Rxd3 Rac8 17. Rd1 (17. Bxd5 Bxc3 (17... Nc5 18. Bc4 $17) 18. Bxb7 Nc5 19. Rxc3 Nxb7 20. Rxa7 Nc5 $17) (17. Nxd5 $6 Nxd5 18. Bxd5 Nc5 $11) 17... Bxc3 18. bxc3 Rc7 {[%emt 0:23:21] [#]} (18... Rxc3 $16 19. Bd2 Rcc8) 19. c4 Rxc4 $2 20. Bd2 $2 (20. bxc4 $18 {and the rest is easy.} Re8 21. cxd5 (21. Bxd5 h5 $18)) 20... Rcc8 $16 21. Bf1 Ne4 22. Bxa6 bxa6 23. Rxa6 h5 24. f3 ({Much less strong is} 24. Rxa7 hxg4 25. hxg4 Ra8 (25... Bxg4 26. f3 $16) 26. Rxa8 Rxa8) 24... Ng5 25. Kg2 ({Don't play} 25. gxh5 Ne6 $14) 25... hxg4 26. hxg4 Ne6 27. Ba5 Re8 28. Rxa7 Nxd4 29. Rxd4 Be6 30. b4 {[%emt 0:02:08] White is more active.} Rc2+ 31. Kg3 Rb2 32. Bb6 Rb3 33. Kf4 Kh7 (33... Bc8 $16 {is a better defense.}) 34. Bc5 $18 Kg6 35. Rd2 Rh8 (35... Rb8 $142 36. Rd1 Kh7 37. Rh1+ Kg6) 36. Ra6 Rh1 37. Rxd5 Rf1 $2 {[%emt 0:00:19] [#]} (37... Rh3 38. Rd7 Rh8) 38. Rg5+ Kh7 39. Bd4 {[%emt 0:00:37] Weighted Error Value: White=0.33/Black=0.27 (precise) .  Loses game:     	---       	Black=1      Missed win:     	White=1     	---        Mistake:       	White=1     	Black=5      Inaccurate:     	White=3     	Black=3      OK:         	White=10    	Black=10     Best:        	White=3     	Black=3} 1-0

[Event "III Menorca Open-A 2024"]
[Site "Ciutadella Menorca"]
[Date "2024.04.07"]
[Round "9.15"]
[White "Fernandez, Daniel Howard"]
[Black "Castellanos Rodriguez, Renier"]
[Result "0-1"]
[ECO "B92"]
[WhiteElo "2528"]
[BlackElo "2467"]
[Annotator "TA"]
[PlyCount "92"]
[EventDate "2024.04.02"]
[EventType "swiss"]
[EventCountry "ESP"]
[SourceTitle "playchess.com"]
[Source "ChessBase"]
[SourceQuality "1"]
[TimeControl "5400+30"]

1. e4 c5 2. Nf3 d6 3. d4 cxd4 4. Nxd4 Nf6 5. Nc3 a6 6. Be2 e5 7. Nb3 Be7 8. O-O O-O 9. Be3 Be6 10. Re1 {[%emt 0:01:13] B92: Sicilian Najdorf: 6 Be2.} Nbd7 11. a4 Qc7 12. h3 Rfc8 $146 ({Predecessor:} 12... Nb6 13. a5 Nc4 14. Bxc4 Qxc4 15. Bg5 Qc6 16. Nd2 Rfd8 17. Qf3 h6 18. Nf1 {0-1 Bender,I (2212)-Bosnjak,P (2265) CRO-chT1B 28th 2019 (5.24)}) 13. Bg4 Nxg4 14. hxg4 h6 15. f3 Bh4 16. Re2 Nf6 17. Kh2 Bg5 18. Bxg5 $1 hxg5 19. Qd2 Bc4 (19... Rd8 {is interesting.} 20. Qxg5 d5 21. exd5 e4+) 20. Ree1 g6 (20... Be6 $11 {keeps the balance.}) 21. Rad1 $16 Rd8 22. Qxg5 Kg7 23. Nd2 (23. Kg3 {is more complex.} Rh8 24. Qd2 Qe7 25. Rh1) 23... Rh8+ 24. Kg1 Be6 25. Qe3 Rh4 26. Nf1 Rah8 27. Rd2 (27. Kf2 $14) 27... Rh1+ 28. Kf2 Bxg4 $1 29. Red1 Rd8 30. Ne2 Be6 31. Qc3 Qb6+ 32. Ne3 Rxd1 $1 33. Rxd1 Rc8 $1 34. Qa3 (34. Qd2 $15) 34... d5 $1 $17 (34... Rxc2 $6 35. Rxd6 Rc6 36. Rxc6 Qxc6 37. Qc3 $11) 35. a5 {[%emt 0:00:00] [#]} Qa7 $1 36. exd5 Nxd5 37. Rd2 $2 {[%emt 0:00:49][%mdl 8192] [#]} (37. Rxd5 $17 {is more resistant.} Bxd5 38. Qd6) 37... Rc3 $1 $19 38. bxc3 (38. Qxc3 $142 Nxc3 39. Nxc3) 38... Nxe3 $2 (38... Qxe3+ 39. Ke1 Nf4) 39. Ke1 $19 Nxg2+ 40. Kd1 $2 (40. Kf1 $19 Ne3+ (40... Qe3 41. Rd3 $11) 41. Ke1) 40... Qf2 41. Kc1 Qe1+ (41... Qxf3 $2 42. Qd6 Qe3 43. Qb4 $17) (41... Ne3 $142 42. Kb1 Nc4 (42... Qxf3 $2 43. c4 $19) 43. Qc1 Qc5 (43... Nxd2+ $2 44. Qxd2 Bc4 45. Qd8 $19) (43... Qe3 $2 44. Rd6 $19) 44. Qb2 Nxd2+ (44... Nxb2 $2 45. Kxb2 Qe3 46. Rd3 $19) 45. Kc1 Nc4 (45... Nxf3 $2 46. Qb6 $19) 46. Nd4 Nxb2 47. Nxe6+ fxe6 48. Kxb2 e4 (48... Qxa5 {leads to mate.} 49. c4 Qb4+ 50. Kc1 a5 51. Kd1 a4 52. f4 exf4 53. Ke2 Qxc4+ 54. Kd2 a3 55. Kd1 a2 56. Kd2 a1=Q 57. c3 Qcxc3+ 58. Ke2 Qe3#) (48... Qb5+ {is a self mate.} 49. Ka2 g5 50. Ka3 Qc4 51. Kb2 g4 52. fxg4 e4 53. g5 e3 54. Kc1 Qxc3 55. Kb1 e2 56. Ka2 e1=Q 57. g6 Qea1#) 49. fxe4 g5 (49... Qxa5 {gets mated.} 50. Kc1 g5 51. Kd2 g4 52. Ke2 Qxc3 53. Kf2 Qf3+ 54. Ke1 g3 55. Kd2 g2 56. c3 g1=Q 57. Kc2 Qa1 58. e5 Qfxc3#) 50. Kc1 g4 (50... Qxa5 51. Kd1 g4 52. Ke2 g3 53. Kf3 Qxc3+ 54. Kg2 Qe3 55. Kh3 Qf2 56. e5 g2 57. c4 g1=Q 58. c5 Qfh2#) 51. c4 g3 (51... Qxa5 52. Kd1 g3 53. Ke2 Qh5+ 54. Ke1 g2 55. Kd2 g1=Q 56. Kc3 Qe5+ 57. Kb4 Qb6+ 58. Ka4 Qea5#) 52. Kb2 g2 (52... Qxa5 53. c3 g2 54. c5 Qb5+ 55. Kc2 g1=Q 56. e5 Qg2+ 57. Kd1 Qbf1#) 53. c3 g1=Q (53... g1=R 54. Kb3 Rg2 55. e5 Re2 56. Ka4 Qxc4+ 57. Ka3 Ra2#) 54. e5 Qd1 (54... Qxe5 55. Kc2 Qe2+ 56. Kb3 Qb1+ 57. Ka4 Qea2#) 55. Ka2 Qxa5+ 56. Kb2 Qaa1#) 42. Rd1 $19 Qxe2 43. Rd8 Ne3 44. Qf8+ Kf6 45. Qh8+ Kf5 46. Qh3+ Kf4 (46... Kg5 $142 47. Qg3+ Kf5 48. Qh3+ Kf4 49. Qh4+ Kxf3 50. Qh1+ Qg2 51. Qxg2+ Kxg2 52. Rd2+ Kf3) 0-1

[Event "III Menorca Open-A 2024"]
[Site "Ciutadella Menorca"]
[Date "2024.04.07"]
[Round "9.16"]
[White "Agmanov, Zhandos"]
[Black "Arizmendi Martinez, Julen Luis"]
[Result "1/2-1/2"]
[ECO "B11"]
[WhiteElo "2458"]
[BlackElo "2521"]
[Annotator "TA"]
[PlyCount "58"]
[EventDate "2024.04.02"]
[EventType "swiss"]
[EventCountry "ESP"]
[SourceTitle "playchess.com"]
[Source "ChessBase"]
[SourceQuality "1"]
[TimeControl "5400+30"]

1. e4 c6 2. Nf3 d5 3. Nc3 dxe4 4. Nxe4 Nf6 5. Qe2 Nxe4 6. Qxe4 Be6 7. b3 Nd7 8. Bb2 Nf6 {[%emt 0:14:19] White is slightly better.} 9. Qa4 Bf5 10. Ne5 h5 11. O-O-O e6 12. f3 (12. Nxc6 $5 bxc6 13. Bxf6 (13. Qxc6+ $2 {loses.} Nd7 $19) 13... gxf6 14. Qxc6+ Ke7 15. Qb7+ Kd6 16. Qb4+ Kc7 17. Qa5+ Kd7 18. Qa4+ Kc8 19. Ba6+ Kb8 (19... Kc7 20. Qa5+ Kc6 21. Qa4+ Kd6 22. Qf4+ Ke7 23. Qb4+ Kd7 24. Qa4+ Kc7 25. Qa5+ Kd6 26. Qb4+ Kd7 27. Qa4+ Kc7 $11) 20. d4 $17) 12... Nd5 13. a3 {[%emt 0:15:18] Wards off Nb4} (13. g4 $11 {keeps the balance.} Bh7 14. g5) 13... f6 $17 14. Nd3 b5 15. Qd4 Qb6 16. Qxb6 axb6 17. c4 (17. b4 $17) 17... bxc4 $19 18. bxc4 Bxd3 (18... Nc7 $17 19. Kc2 h4 (19... Bxa3 $2 20. Ra1 $19)) 19. Bxd3 $15 Nf4 20. Be4 Kd7 (20... Nxg2 $2 {too greedy.} 21. Bxc6+ Kf7 22. Bxa8 $18) 21. g3 Ne2+ 22. Kc2 {[%emt 0:02:58] [#] Bd3 would now be deadly.} Bxa3 23. Ba1 {[%emt 0:01:12] A strong pair of Bishops. White is weak on the dark squares} e5 (23... Bc5 {with more complications.} 24. d4 Ra2+ 25. Kb3 Ra3+) 24. d4 {[%emt 0:00:08] Dodges Bc5. The position is equal.} Nxd4+ 25. Bxd4 exd4 26. Rxd4+ Kc7 {[%emt 0:00:11] Hoping for ...Bc5.} 27. Rhd1 Rhd8 {[%emt 0:01:16] Against Rd7+} 28. Rxd8 Rxd8 29. Rxd8 Kxd8 {[%emt 0:00:02] Weighted Error Value: White=0.23 (precise) /Black=0.13 (very precise) .  Mistake:       	White=2     	Black=1      Inaccurate:     	White=3     	Black=2      OK:         	White=4     	Black=8      Best:        	White=4     	Black=3} 1/2-1/2

[Event "III Menorca Open-A 2024"]
[Site "Ciutadella Menorca"]
[Date "2024.04.07"]
[Round "9.17"]
[White "Iermito, Sebastian"]
[Black "Koelle, Tobias"]
[Result "1/2-1/2"]
[ECO "D02"]
[WhiteElo "2511"]
[BlackElo "2467"]
[Annotator "ChessBase"]
[PlyCount "241"]
[EventDate "2024.04.02"]
[EventType "swiss"]
[EventCountry "ESP"]
[SourceTitle "playchess.com"]
[Source "ChessBase"]
[SourceQuality "1"]
[TimeControl "5400+30"]

1. Nf3 d5 2. g3 Nc6 3. d4 Bf5 4. Bg2 Nb4 5. Na3 e6 6. Nh4 Be4 7. f3 Bg6 8. c3 Nc6 9. Qb3 a6 10. Nxg6 hxg6 11. e4 b5 12. Nb1 Nf6 13. Nd2 Be7 14. e5 Nd7 15. Qc2 Na5 16. b4 Nc4 17. Nxc4 bxc4 18. f4 a5 19. b5 a4 20. O-O Qb8 21. g4 Qxb5 22. f5 gxf5 23. gxf5 Qc6 24. Qd1 exf5 25. Rf2 f4 26. Rxf4 g6 27. Rf1 f5 28. exf6 Nxf6 29. Bg5 O-O 30. Qc2 Kg7 31. Rae1 Rae8 32. Qc1 Kg8 33. Re5 Qd7 34. Bh6 Rf7 35. Qg5 Qg4 36. Qxg4 Nxg4 37. Rxf7 Nxe5 38. Rg7+ Kh8 39. dxe5 Bf8 40. Rxg6 Kh7 41. Rc6 Bxh6 42. Bxd5 Rxe5 43. Rxc7+ Bg7 44. Bxc4 Re3 45. Ra7 Rxc3 46. Rxa4 Be5 47. Bf1 Rc1 48. h3 Kg6 49. Rg4+ Kf5 50. a4 Ra1 51. Rc4 Ke6 52. Kf2 Kd5 53. Rb4 Bd4+ 54. Kg2 Bc5 55. Rg4 Ra2+ 56. Kg3 Ra3+ 57. Kg2 Ra2+ 58. Kg3 Ra3+ 59. Kh4 Bd4 60. Bg2+ Kc5 61. Rg5+ Kb4 62. Rb5+ Kxa4 63. Bc6 Rd3 64. Kg4 Ka3 65. h4 Rb3 66. Rd5 Rb4 67. h5 Kb3 68. Kf5 Kc3 69. h6 Rb1 70. Rd8 Rf1+ 71. Kg4 Rg1+ 72. Kf5 Rf1+ 73. Kg4 Rg1+ 74. Kf4 Rd1 75. Rc8 Ra1 76. h7 Ra7 77. Be4+ Kb4 78. h8=Q Bxh8 79. Rxh8 Rg7 80. Ke5 Rg5+ 81. Kd4 Rg4 82. Rb8+ Ka4 83. Kd5 Ka3 84. Bd3 Rb4 85. Rc8 Kb3 86. Bc4+ Kc3 87. Rc7 Rb8 88. Kc5 Rb4 89. Bd5 Rb8 90. Rh7 Rc8+ 91. Bc6 Rd8 92. Rh4 Rc8 93. Rh3+ Kd2 94. Kd5 Rd8+ 95. Ke4 Rc8 96. Bd5 Re8+ 97. Kd4 Rd8 98. Rh7 Rd6 99. Ke4 Rd8 100. Kd4 Rd6 101. Rh2+ Kd1 102. Ke4 Kc1 103. Bc4 Rd2 104. Rh3 Kc2 105. Bd3+ Kc3 106. Rg3 Rh2 107. Be2+ Kb4 108. Bg4 Rd2 109. Rg1 Kc3 110. Bf5 Rh2 111. Rc1+ Rc2 112. Rh1 Rd2 113. Ke3 Rg2 114. Rc1+ Kb2 115. Rc8 Rg5 116. Be4 Kb3 117. Kd4 Rg4 118. Rb8+ Ka4 119. Rb1 Rh4 120. Rh1 Rxh1 121. Bxh1 1/2-1/2

[Event "III Menorca Open-A 2024"]
[Site "Ciutadella Menorca"]
[Date "2024.04.07"]
[Round "9.18"]
[White "Makkar, Rajat"]
[Black "Krzyzanowski, Marcin"]
[Result "0-1"]
[ECO "A13"]
[WhiteElo "2452"]
[BlackElo "2510"]
[Annotator "TA"]
[PlyCount "158"]
[EventDate "2024.04.02"]
[EventType "swiss"]
[EventCountry "ESP"]
[SourceTitle "playchess.com"]
[Source "ChessBase"]
[SourceQuality "1"]
[TimeControl "5400+30"]

1. Nf3 Nf6 2. c4 e6 3. g3 d5 4. Bg2 d4 5. e3 c5 6. exd4 cxd4 7. O-O Nc6 8. d3 Bd6 9. Bg5 h6 10. Bxf6 Qxf6 {[%emt 0:00:01] The position is equal.} 11. Nbd2 O-O 12. Ne4 Qd8 13. Nxd6 Qxd6 14. Re1 Bd7 15. Qe2 Rac8 16. a3 Rfd8 17. b4 b6 18. Qb2 Be8 19. Re2 Ne7 20. Re4 Nf5 21. b5 Qe7 (21... f6 $14 {was preferrable.}) 22. Rae1 $16 (22. Nxd4 $2 Nxd4 (22... Qf6 $2 23. Rg4 $19) 23. Kh1 (23. Rxd4 $2 Qf6 $19) 23... Nf5 $19) 22... Rc7 23. Bh3 (23. Nxd4 $2 Rxd4 (23... Qf6 $2 24. Rf4 $17) 24. Re5 (24. Rxd4 $2 Qf6 $19) 24... Rxd3 25. Rxf5 Qxa3 (25... Rxa3 26. Bf1 $17) 26. Qxa3 Rxa3 $17) 23... Qf6 24. Qe2 Rc5 25. Ne5 Kh7 26. Rf4 Kg8 27. Qe4 Nd6 28. Qe2 Nf5 29. Bxf5 exf5 30. Nf3 {[%emt 0:00:11] [#]} (30. g4 $16) 30... Bxb5 $1 $15 31. Qe7 Qxe7 32. Rxe7 Re8 33. Rxe8+ Bxe8 34. Nxd4 {[%emt 0:00:28][%mdl 4096] Endgame. KRB-KRN} Ra5 35. Nxf5 Rxa3 ({Black should try} 35... Kf8 $15 36. g4 g6) 36. d4 (36. Rd4 $11 {keeps the balance.}) 36... Bd7 37. Nd6 {[%emt 0:05:09] [#]} Rd3 (37... f6 $1 $17 {Strongly threatening ...a5.} 38. Re4 a5) 38. Kf1 $11 {[%emt 0:00:30][%cal Of1e2] aiming for Ke2!} (38. Rxf7 $2 Bh3 39. f3 Rxd4 40. Rxa7 Rxd6 $19) 38... f6 39. Ke2 Rb3 40. Re4 Kf8 41. d5 a5 {[%emt 0:06:46][%cal Ba7a5,Ba5a4,Ba4a3,Ba3a2][%mdl 32] ...a4 would now be deadly.} 42. Nb7 $2 (42. Kd2 $11) 42... Bf5 $2 (42... a4 $19 43. Kd2 a3) 43. Rd4 a4 {[%emt 0:00:23] Hoping for ...a3.} 44. c5 $1 bxc5 45. Nxc5 Rb2+ 46. Ke3 a3 {[%emt 0:00:46] ...Rb5 is the strong threat.} 47. Ra4 a2 48. d6 Rc2 49. Ra8+ Kf7 50. Ra7+ (50. d7 $5 Bxd7 51. Nxd7 $11) 50... Kf8 51. Ra8+ Kf7 52. d7 Bxd7 53. Nxd7 {[%emt 0:00:01] KRN-KR} Ke6 54. Nf8+ Kf7 55. Nd7 (55. h4 {simplifies} Rc1 56. Rxa2 Kxf8 57. Ra5) 55... Ke6 56. Ra7 Rc8 57. Nb6 Rc6 58. Na8 $1 Rc2 59. Ra5 (59. Rxg7 a1=Q (59... a1=B 60. Nc7+ Kd6 61. Nb5+ Ke6 62. Ra7 $16) 60. Nc7+ Rxc7 61. Rxc7 Qe5+ 62. Kf3 Qxc7 63. Ke4 Qc4+ (63... Qc1 64. h3 Qc2+ 65. Kd4 Qxf2+ 66. Kc4 Qxg3 67. Kd4 Qxh3 68. Kc4 Ke5 69. Kb5 Qc3 70. Kb6 Kd6 71. Kb7 Qb3+ 72. Ka8 Kc7 73. Ka7 Qb7#) 64. Ke3 Qc3+ 65. Ke2 Kf5 66. Kf1 Ke4 (66... Qa1+ 67. Kg2 Qd1 68. f3 Qe2+ 69. Kg1 Qxf3 70. h3 Ke4 71. h4 Qxg3+ 72. Kf1 Kf3 73. h5 Qf2#) 67. Kg2 Qf3+ 68. Kg1 Kd3 (68... Qd1+ 69. Kg2 Kd3 70. Kh3 Qf3 71. Kh4 f5 72. h3 f4 73. g4 Qd5 74. g5 Qxg5#) 69. h4 Ke2 (69... Qd1+ 70. Kg2 Ke2 71. g4 Qf1+ 72. Kg3 Qxf2+ 73. Kh3 Kf3 74. h5 Qg3#) 70. g4 Qxf2+ 71. Kh1 Kf3 72. h5 Qg2#) 59... g5 60. h4 f5 61. Ra6+ Kd5 62. h5 (62. Rxh6 {is a self mate.} a1=Q (62... a1=B 63. Nb6+ Kc5 64. Na4+ Kd5 65. Ra6 $11) 63. Nb6+ Kc5 64. Nd7+ Kb5 65. Rb6+ Ka5) 62... Kc4 63. Nc7 Kb3 64. Ne6 {[%emt 0:00:44] Nd4+ would kill now.} Rc3+ (64... Kb2 $11) 65. Kd2 (65. Kd4 $16 {And now Nc5+ would win.} Rc2 66. Nc5+ Kb4 67. Ra7 (67. Nd3+ Kb5 $11)) 65... Rc2+ 66. Ke3 {[%emt 0:00:10] Intending Nd4+ and mate.} Kb2 67. Nd4 {[%emt 0:00:44][%csl LRc2,LRf5,LRh6] Wards off Rc6} f4+ 68. gxf4 gxf4+ 69. Kd3 Rxf2 70. Rb6+ Kc1 {[%emt 0:00:28] ( -> ...Rd2+)} 71. Nb3+ Kd1 72. Kc3 $2 {[%emt 0:01:18][%mdl 8192] [#] Prevents Rb2} (72. Rg6 $11 Rf3+ 73. Kc4) 72... Rc2+ $1 $19 73. Kd3 (73. Kb4 $19 f3 74. Rd6+ Ke1 75. Re6+ Re2 76. Rc6 Re4+ 77. Ka3) 73... Rb2 {[%emt 0:00:22] Black mates.} 74. Ra6 Rxb3+ 75. Ke4 Rb2 76. Kxf4 Kc1 77. Kf5 Rg2 78. Rc6+ Kb1 79. Rb6+ Rb2 {[%emt 0:00:06] Weighted Error Value: White=0.26 (precise) /Black=0.17 (very precise) .  Loses game:     	White=2     	---        Missed win:     	---       	Black=1      Mistake:       	White=4     	Black=4      Inaccurate:     	White=5     	Black=6      OK:         	White=26    	Black=22     Best:        	---       	Black=9      Strong:       	White=2     	Black=1      Brilliant:      	---       	Black=1} 0-1

[Event "III Menorca Open-A 2024"]
[Site "Ciutadella Menorca"]
[Date "2024.04.07"]
[Round "9.19"]
[White "Klimkowski, Jan"]
[Black "Audi Ameya"]
[Result "1/2-1/2"]
[ECO "B51"]
[WhiteElo "2505"]
[BlackElo "2387"]
[Annotator "TA"]
[PlyCount "54"]
[EventDate "2024.04.02"]
[EventType "swiss"]
[EventCountry "ESP"]
[SourceTitle "playchess.com"]
[Source "ChessBase"]
[SourceQuality "1"]
[TimeControl "5400+30"]

1. e4 c5 2. Nf3 d6 3. Bb5+ Nd7 4. a4 Ngf6 5. Nc3 g6 6. O-O a6 7. Be2 b6 8. d4 {[%emt 0:00:00] White has an edge.} cxd4 9. Qxd4 Bg7 10. e5 dxe5 11. Nxe5 Nxe5 12. Qxe5 {[%emt 0:00:00] [#] Black must now prevent Rd1.} Bb7 13. Be3 O-O {[%emt 0:00:52][%cal Of6e4] The position is equal.} 14. Qg3 Bc6 15. Bf3 Bxf3 16. Qxf3 Qc7 17. Rad1 Rfd8 18. h3 b5 19. axb5 axb5 20. Nxb5 Qxc2 21. Nd4 Qe4 (21... Qxb2 $2 {loses.} 22. Nc6 Re8 23. Nxe7+ Kf8 24. Bc5 $18) 22. Qxe4 Nxe4 23. Nc6 Rxd1 24. Rxd1 Bxb2 25. Nxe7+ Kg7 26. Nd5 h5 27. h4 Ra1 {[%emt 0:01:45] Weighted Error Value: White=0.06 (flawless) /Black=0.03 (flawless) .  Inaccurate:     	White=1     	Black=1      OK:         	White=7     	Black=12} 1/2-1/2

[Event "III Menorca Open-A 2024"]
[Site "Ciutadella Menorca"]
[Date "2024.04.07"]
[Round "9.20"]
[White "Karthik Venkataraman"]
[Black "Wafa, Hamed"]
[Result "1-0"]
[ECO "E12"]
[WhiteElo "2609"]
[BlackElo "2374"]
[Annotator "TA"]
[PlyCount "79"]
[EventDate "2024.04.02"]
[EventType "swiss"]
[EventCountry "ESP"]
[SourceTitle "playchess.com"]
[Source "ChessBase"]
[SourceQuality "1"]
[TimeControl "5400+30"]

1. d4 Nf6 2. c4 e6 3. Nf3 b6 4. a3 Bb7 5. Nc3 d5 6. cxd5 Nxd5 7. Bd2 Nd7 8. Qc2 Be7 9. e4 Nxc3 10. Bxc3 O-O 11. Rd1 c5 12. dxc5 Qc8 13. cxb6 axb6 14. Nd2 {[%emt 0:10:17] White is slightly better.} Bf6 15. Bc4 Ne5 16. Be2 Ba6 ({Black should try} 16... Ng6 $11) 17. Nb1 $14 Bb7 18. O-O Qc6 19. f3 Ng6 20. g3 {[%emt 0:00:23] Inhibits Nf4.} h5 21. Qd2 Rad8 22. Qe3 Be7 {[%emt 0:00:26] [#] And now ...Bc5 would win.} 23. Bb4 Bxb4 24. axb4 Qc2 25. Rxd8 (25. Qxb6 Rxd1 26. Bxd1 Qxb1 27. Qxb7 Rd8 $17 (27... Qxb2 28. f4 $11)) 25... Rxd8 26. Qxb6 Rd7 27. Bb5 Re7 {[%emt 0:04:55] [#] A mistake that costs the game.} (27... Ne5 $1 $14 28. Bxd7 Nxf3+ 29. Rxf3 Qxb1+ 30. Kg2 (30. Rf1 Qxe4 31. Kf2 Qc2+ 32. Ke3 Qb3+ 33. Kd2 Qxb2+ 34. Kd3 Qb3+ 35. Kd2 Qb2+ 36. Kd3 Qb3+ 37. Kd2 Qb2+ $11) 30... Qxe4) 28. Qd4 e5 29. Qd2 Rc7 30. Qd8+ Nf8 31. Na3 Rc8 32. Qe7 Qc7 33. Qxc7 Rxc7 34. Nc4 f6 35. Nd6 Bc8 36. Nxc8 Rxc8 37. b3 Rc3 $2 (37... Kf7 38. Ra1 Ne6) 38. Bc4+ $18 {[%emt 0:00:08] White is clearly winning.} Kh7 39. Rd1 Rxf3 40. b5 {[%emt 0:00:06] Weighted Error Value: White=0.09 (flawless) /Black=0.29 (precise) .  Loses game:     	---       	Black=1      Mistake:       	---       	Black=2      Inaccurate:     	White=2     	Black=4      OK:         	White=12    	Black=8      Best:        	White=3     	---} 1-0

[Event "III Menorca Open-A 2024"]
[Site "Ciutadella Menorca"]
[Date "2024.04.07"]
[Round "9.21"]
[White "Klekowski, Maciej"]
[Black "Oro, Faustino"]
[Result "1/2-1/2"]
[ECO "A21"]
[WhiteElo "2483"]
[BlackElo "2330"]
[Annotator "TA"]
[PlyCount "20"]
[EventDate "2024.04.02"]
[EventType "swiss"]
[EventCountry "ESP"]
[SourceTitle "playchess.com"]
[Source "ChessBase"]
[SourceQuality "1"]
[TimeControl "5400+30"]

1. c4 e5 2. Nc3 d6 3. g3 f5 4. d4 Be7 5. Bg2 Nf6 {[%emt 0:00:21] The position is equal.} 6. Bg5 O-O 7. e3 c6 8. Nge2 h6 9. Bxf6 Bxf6 10. Qd2 Qe7 {[%emt 0:09:23] Not much happened in this game.   Weighted Error Value: White=0.12 (very precise) /Black=0.12 (very precise) .  Inaccurate:     	---       	Black=1      OK:         	White=1     	---} 1/2-1/2

[Event "III Menorca Open-A 2024"]
[Site "Ciutadella Menorca"]
[Date "2024.04.07"]
[Round "9.22"]
[White "Cramling Bellon, Anna"]
[Black "Garmendia Vega, Gabriel"]
[Result "0-1"]
[ECO "D32"]
[WhiteElo "2115"]
[BlackElo "1961"]
[Annotator "RC"]
[PlyCount "96"]
[EventDate "2024.04.02"]
[EventType "swiss"]
[EventCountry "ESP"]
[SourceTitle "playchess.com"]
[Source "ChessBase"]
[SourceQuality "1"]
[TimeControl "5400+30"]

1. d4 d5 2. c4 e6 3. Nc3 c5 4. cxd5 exd5 5. Nf3 Nf6 6. Bg5 Be6 7. e3 c4 8. Be2 Bb4 9. O-O Nbd7 10. Nd2 Qa5 11. Qc2 O-O 12. f4 Bg4 13. Bxg4 Nxg4 14. f5 Rfe8 15. Rf3 Bxc3 16. bxc3 Ngf6 17. Rb1 b5 18. Rb4 a6 19. a4 bxa4 20. Rxa4 Qb5 21. Rf1 h6 22. Bf4 Nh5 23. e4 Nxf4 24. Rxf4 dxe4 25. Nxe4 Qb3 26. Ra2 Qxc2 27. Rxc2 Nb6 28. Nc5 Nd5 29. Rf3 a5 30. Ra2 Re1+ 31. Rf1 Rxf1+ 32. Kxf1 Nxc3 33. Rc2 Nd5 34. Ke2 Re8+ 35. Kd2 c3+ 36. Rxc3 Nxc3 37. Kxc3 Re2 38. d5 Kf8 39. Kc4 Ke7 40. g4 Rxh2 41. Ne4 Rc2+ 42. Kd4 a4 43. d6+ Kd7 44. f6 gxf6 45. Kd3 Rc6 46. Nxf6+ Kxd6 47. Ne4+ Ke5 48. Nd2 Rd6+ 0-1